 Dungeon Crawl Stone Soup version 0.29.0-11-gd7f09526c8 (webtiles) character file.

Game seed: 7631362638576014245

2440 themarg the Martial Artist (level 9, -7/100 (102) HPs)
             Began as a Gnoll Transmuter on Sept 6, 2022.
             Was an Initiate of Gozag.
             Mangled by a wight
             ... wielding a +4 battleaxe of freezing
              (10 damage)
             ... on level 6 of the Dungeon on Sept 7, 2022.
             The game lasted 00:21:13 (7801 turns).

themarg the Martial Artist (Gnoll Transmuter)       Turns: 7801, Time: 00:21:14

HP:   -7/100 (102)  AC: 24    Str:  9    XL:     9   Next: 49%
MP:   19/19         EV:  2    Int: 17    God:    Gozag
Gold: 257           SH:  0    Dex: 13    Spells: 15/21 levels left

rFire   . . .      SeeInvis .   c - +0 short sword
rCold   . . .      Faith    .   (no shield)
rNeg    . . .      Spirit   .   (body armour currently unavailable)
rPois   +          Reflect  .   (helmet currently unavailable)
rElec   .          Harm     .   (cloak currently unavailable)
rCorr   .          Rampage  .   (gloves currently unavailable)
Will    .....      NoTele   +   (boots currently unavailable)
Stlth   +++.......              (no amulet)
HPRegen 0.26/turn               (no ring)
MPRegen 0.16/turn               (no ring)

@: tree-form, lightly drained
A: stationary, stasis, torment immunity, boosted hp, (fangs 1), strong nose,
distributed training
a: Renounce Religion, Potion Petition, Call Merchant, Bribe Branch


You were on level 6 of the Dungeon.
You worshipped Gozag.
Gozag was aware of your devotion.
You were a tree.
You visited 2 branches of the dungeon, and saw 7 of its levels.

You collected 361 gold pieces.
You paid 104 gold pieces to Gozag.

Inventory:

Hand Weapons
 c - a +0 short sword (weapon)
Missiles
 f - 4 throwing nets
Armour
 a - a +0 robe (melded)
 d - a +1 hat (melded)
 h - a +1 ring mail of positive energy
 t - a +0 pair of gloves (melded)
 z - a +0 cloak (melded)
Jewellery
 m - a ring of wizardry
Wands
 r - a wand of flame (9)
Scrolls
 g - 6 scrolls of identify {unknown}
 k - 2 scrolls of teleportation {unknown}
 l - a scroll of torment {unknown}
 n - 2 scrolls of vulnerability {unknown}
 q - 2 scrolls of immolation {unknown}
 u - a scroll of silence {unknown}
 v - a scroll of acquirement {unknown}
 w - 3 scrolls of magic mapping {unknown}
 y - a scroll of poison {unknown}
 A - a scroll of amnesia {unknown}
Potions
 e - 2 potions of heal wounds {unknown}
 i - 2 potions of haste {unknown}
 j - 3 potions of magic {unknown}
 o - 5 potions of curing {unknown}
 p - 2 potions of mutation {unknown}
 s - a potion of berserk rage {unknown}
 x - 2 potions of flight {unknown}


   Skills:
 + Level 5.2 Fighting
 + Level 4.4 Short Blades
 + Level 4.4 Long Blades
 + Level 4.4 Axes
 + Level 4.4 Maces & Flails
 + Level 4.4 Polearms
 + Level 4.4 Staves
 + Level 4.4 Ranged Weapons
 + Level 4.4 Throwing
 + Level 4.4 Armour
 + Level 6.5 Dodging
 + Level 4.4 Stealth
 + Level 4.4 Shields
 + Level 8.0 Unarmed Combat
 + Level 6.8 Spellcasting
 + Level 3.7 Conjurations
 + Level 3.7 Hexes
 + Level 3.7 Summonings
 + Level 3.7 Necromancy
 + Level 3.7 Translocations
 + Level 5.3 Transmutations
 + Level 3.7 Fire Magic
 + Level 3.7 Ice Magic
 + Level 3.7 Air Magic
 + Level 3.7 Earth Magic
 + Level 3.7 Poison Magic
 + Level 4.9 Invocations
 + Level 4.4 Evocations


You had 15 spell levels left.
You knew the following spells:

 Your Spells              Type           Power      Damage    Failure   Level
a - Beastly Appendage     Tmut           48%        N/A       1%          1
b - Spider Form           Tmut/Pois      21%        N/A       5%          3
c - Wereblood             Tmut           24%        N/A       1%          2

Your spell library contained the following spells:

 Spells                   Type           Power      Damage    Failure   Level
 Blink                    Tloc           36%        N/A       4%          2
 Ignite Poison            Fire/Tmut/Pois 20%        N/A       6%          3
 Inner Flame              Hex/Fire       18%        N/A       8%          3
 Mephitic Cloud           Conj/Pois/Air  18%        N/A       8%          3
 Tukima's Dance           Hex            18%        N/A       8%          3
 Ice Form                 Ice/Tmut       21%        N/A       19%         4
 Cause Fear               Hex            9%         N/A       26%         4
 Passage of Golubria      Tloc           18%        N/A       26%         4
 Yara's Violent Unravell  Hex/Tmut       10%        3d6       45%         5
 Freezing Cloud           Conj/Ice/Air   9%         6-21      58%         5
 Manifold Assault         Tloc           18%        N/A       58%         5
 Silence                  Hex/Air        9%         N/A       58%         5
 Summon Forest            Summ/Tloc      9%         N/A       58%         5
 Eringya's Noxious Bog    Tmut/Pois      10%        N/A       96%         6
 Storm Form               Tmut/Air       10%        N/A       100%        7
 Summon Hydra             Summ           9%         N/A       100%        7
 Discord                  Hex            9%         N/A       100%        8
 Lehudib's Crystal Spear  Conj/Erth      9%         10d4      100%        8


Dungeon Overview and Level Annotations

Branches:
Dungeon (6/15)             Temple (1/1) D:6

Altars:
Ashenzari
Cheibriados
Dithmenos
Elyvilon
Fedhas
Gozag
Hepliaklqana
Kikubaaqudgha
Makhleb
Qazlal
Sif Muna
Trog
Uskayaw
Vehumet
Wu Jian
Yredelemnul
The Shining One

Shops:
D:2 (


Innate Abilities, Weirdness & Mutations

You are a tree.
Your roots penetrate the ground, keeping you stationary.
You cannot be teleported.
You are immune to unholy pain and torment.
Your maximum health is greatly increased.
Your equipment is partially melded.
((You have very sharp teeth.))
Your uncanny sense of smell can sniff out nearby items.
Your experience applies equally to all skills.


Message History

The wight misses you.
You bite the wight!
The wight is heavily damaged.
The wight misses you.
You hit the wight.
The wight is heavily damaged.
The wight barely misses you. The phantom hits you.
You barely miss the wight.
The wight is heavily damaged.
You hit the wight.
The wight is almost destroyed.
The wight hits you with a +4 battleaxe of freezing!
* * * LOW HITPOINT WARNING * * *
The wight freezes you.
* * * LOW HITPOINT WARNING * * *
The phantom closely misses you.
Really quaff the potion of lignification?
Your transformation has ended.
Your +0 short sword unmelds from your body.
Your +0 cloak unmelds from your body.
Your +1 hat unmelds from your body.
Your +0 pair of gloves unmelds from your body.
Your +0 robe unmelds from your body.
You turn into a tree.
Your +0 cloak melds into your body.
Your +1 hat melds into your body.
Your +0 pair of gloves melds into your body.
Your +0 robe melds into your body.
Your roots penetrate the ground.
The wight hits you but does no damage.
The phantom hits you but does no damage.
You barely miss the wight.
The wight is almost destroyed.
The wight hits you with a +4 battleaxe of freezing.
* * * LOW HITPOINT WARNING * * *
The wight freezes you.
* * * LOW HITPOINT WARNING * * *
The phantom hits you.
* * * LOW HITPOINT WARNING * * *
You hit the wight but do no damage.
The wight is almost destroyed.
The wight hits you with a +4 battleaxe of freezing!
You die...
Your body crumbles into a pile of gold.

.# ###.......##.)....###.#
###........)...####.#######
######
#.......[)..........)....
.....#
#.......))....P.P........
.....#
#............##.##.#####.
.....# #.........)).#...#.##
#.
.....####...####..#.)..>....#
## ..z..c....###
#..#.P#...#P.### #
..gzz###### #♣z...##.###...#
# ..z..# #W$..##..P.###.#
.....# #...#####.....#.###
g....# ...#.# ###........
o....# ..##.# ###...###...
..#### ......#
#.####........... >.#
.....####......#......... ..#
........#..###...........
...........##..<.........


You could see a phantom and a wight.

Vanquished Creatures
  Sigmund (D:5)
  A water moccasin (D:6)
  2 black bears
  3 ice beasts
  An ogre (D:6)
  A centaur (D:6)
  5 necrophages
  4 scorpions
  A water moccasin zombie (D:4)
  3 wights (D:6)
  A jelly (D:6)
  An orc priest (D:4)
  6 hounds
  Crazy Yiuf (D:5)
  A gnoll bouda (D:6)
  An iguana (D:4)
  Terence (D:3)
  3 orc wizards
  2 hound zombies (D:4)
  A hound skeleton (D:4)
  12 gnolls
  6 adders
  A white imp (D:5)
  2 ufetubi
  3 worms
  An adder zombie (D:4)
  5 dart slugs
  8 orcs
  13 ball pythons
  4 bats
  14 endoplasms
  4 giant cockroaches
  10 goblins
  11 hobgoblins
  8 jackals
  2 quokkas
  6 frilled lizards
  14 kobolds
  3 rats
167 creatures vanquished.

Vanquished Creatures (others)
  A bush (D:4)
  A fungus (D:5)
  14 plants
16 creatures vanquished.

Grand Total: 183 creatures vanquished

Notes
Turn   | Place    | Note
-------+----------+-------------------------------------------
     0 | D:1      | themarg the Gnoll Transmuter began the quest for the Orb.
     0 | D:1      | Reached XP level 1. HP: 17/17 MP: 6/6
    41 | D:1      | Reached XP level 2. HP: 21/23 MP: 5/7
   483 | D:1      | Reached skill level 5 in Spellcasting
   483 | D:1      | Reached XP level 3. HP: 19/28 MP: 6/9
   858 | D:1      | You fall into a shaft and drop 1 floor!
   868 | D:2      | Reached skill level 1 in Invocations
   916 | D:1      | Learned a level 3 spell: Spider Form
  1372 | D:2      | Reached skill level 1 in Short Blades
  1372 | D:2      | Reached skill level 1 in Long Blades
  1372 | D:2      | Reached skill level 1 in Axes
  1372 | D:2      | Reached skill level 1 in Maces & Flails
  1372 | D:2      | Reached skill level 1 in Polearms
  1372 | D:2      | Reached skill level 1 in Staves
  1372 | D:2      | Reached skill level 1 in Ranged Weapons
  1372 | D:2      | Reached skill level 1 in Throwing
  1372 | D:2      | Reached skill level 1 in Armour
  1372 | D:2      | Reached skill level 1 in Stealth
  1372 | D:2      | Reached skill level 1 in Shields
  1372 | D:2      | Reached skill level 1 in Evocations
  1512 | D:2      | Reached XP level 4. HP: 29/34 MP: 9/11
  1882 | D:2      | Reached skill level 1 in Conjurations
  1882 | D:2      | Reached skill level 1 in Hexes
  1882 | D:2      | Reached skill level 1 in Summonings
  1882 | D:2      | Reached skill level 1 in Necromancy
  1882 | D:2      | Reached skill level 1 in Translocations
  1882 | D:2      | Reached skill level 1 in Fire Magic
  1882 | D:2      | Reached skill level 1 in Ice Magic
  1882 | D:2      | Reached skill level 1 in Air Magic
  1882 | D:2      | Reached skill level 1 in Earth Magic
  1882 | D:2      | Reached skill level 1 in Poison Magic
  1931 | D:2      | Found Magalih's Weapon Emporium.
  2497 | D:3      | Noticed Terence
  2506 | D:3      | Killed Terence
  2507 | D:3      | Reached XP level 5. HP: 22/40 MP: 10/12
  3770 | D:4      | Found a snail-covered altar of Cheibriados.
  3844 | D:4      | Reached XP level 6. HP: 17/47 MP: 11/13
  4223 | D:4      | Reached skill level 5 in Dodging
  4413 | D:4      | Identified the +2 ring mail "Deceth" {Int+3}
  4473 | D:4      | Found a shadowy altar of Dithmenos.
  4729 | D:4      | Found an ornate altar of the Wu Jian Council.
  4825 | D:4      | Found a blossoming altar of Fedhas.
  4944 | D:4      | Found a burning altar of Makhleb.
  4954 | D:4      | Reached skill level 7 in Unarmed Combat
  4954 | D:4      | Reached XP level 7. HP: 48/52 MP: 12/15
  5535 | D:4      | Learned a level 2 spell: Wereblood
  5664 | D:5      | Entered Level 5 of the Dungeon
  5668 | D:5      | Noticed Sigmund
  5680 | D:5      | Killed Sigmund
  5681 | D:5      | Reached XP level 8. HP: 60/60 MP: 13/17
  6042 | D:5      | Found a bloodstained altar of Trog.
  6405 | D:5      | Found a runed translucent door.
  6406 | D:5      | Noticed Crazy Yiuf
  6415 | D:5      | Killed Crazy Yiuf
  6585 | D:6      | Reached skill level 5 in Transmutations
  6681 | D:6      | Reached XP level 9. HP: 54/66 MP: 15/18
  6770 | D:6      | Found a broken altar of Ashenzari.
  6974 | D:6      | Reached skill level 5 in Fighting
  7175 | D:6      | Found a basalt altar of Yredelemnul.
  7353 | D:6      | Found a staircase to the Ecumenical Temple.
  7360 | Temple   | Entered the Ecumenical Temple
  7451 | Temple   | Became a worshipper of Gozag Ym Sagoz the Greedy
  7575 | D:6      | Reached skill level 8 in Unarmed Combat
  7800 | D:6      | HP: 5/100 [wight/+4 battleaxe of freezing (2)]
  7801 | D:6      | Mangled by a wight

Illustrated notes

Levels and vault maps discovered:
D:1:      mrwooster_arrival_statue_2, layout_basic
D:2:      layout_basic, serial_shops, nicolae_shop_bloodbath_and_beyond,
          grunt_decor_mini_mirrors
D:3:      layout_loops_ring, wander_ebering_terrifying_dragon_lair, uniq_terence
D:4:      minmay_razor_zed, layout_basic, makhleb_blood_cavern_becter,
          fedhas_altar_decomposition, grunt_temple_overflow_open,
          kennysheep_slug_shrine
D:5:      layout_rooms, trog_hazing_becter, uniq_crazy_yiuf_cottage,
          uniq_sigmund
D:6:      layout_rooms, amcnicky_altar_gilded, ashenzari_conservatory_becter,
          minmay_temple_entry_gardened_gates
Temple:   dpeg_three_leaves_temple

Skill      XL: |  1  2  3  4  5  6  7  8  9 |
---------------+----------------------------+-----
Spellcasting   | 5 6 |  6.8
Invocations    | 1 2 3 4 |  4.9
Short Blades   | 1 2 3 4 |  4.4
Long Blades    | 1 2 3 4 |  4.4
Axes           | 1 2 3 4 |  4.4
Maces & Flails | 1 2 3 4 |  4.4
Polearms       | 1 2 3 4 |  4.4
Staves         | 1 2 3 4 |  4.4
Ranged Weapons | 1 2 3 4 |  4.4
Throwing       | 1 2 3 4 |  4.4
Armour         | 1 2 3 4 |  4.4
Stealth        | 1 2 3 4 |  4.4
Shields        | 1 2 3 4 |  4.4
Evocations     | 1 2 3 4 |  4.4
Conjurations   | 1 2 3 |  3.7
Hexes          | 1 2 3 |  3.7
Summonings     | 1 2 3 |  3.7
Necromancy     | 1 2 3 |  3.7
Translocations | 1 2 3 |  3.7
Fire Magic     | 1 2 3 |  3.7
Ice Magic      | 1 2 3 |  3.7
Air Magic      | 1 2 3 |  3.7
Earth Magic    | 1 2 3 |  3.7
Poison Magic   | 1 2 3 |  3.7
Fighting       | 3 4 5 |  5.2
Transmutations | 4 5 |  5.3
Dodging        | 5 6 |  6.5
Unarmed Combat | 7 8 |  8.0

Action                   |  1- 3 |  4- 6 |  7- 9 || total
-------------------------+-------+-------+-------++-------
Melee: Unarmed           |    10 |   114 |   245 ||   369
       Kick              |    19 |     8 |       ||    27
       Headbutt          |    11 |     6 |       ||    17
       Short sword       |    95 |    45 |     7 ||   147
       Bite              |    10 |     3 |     1 ||    14
       Punch             |       |     2 |     1 ||     3
 Cast: Beastly Appendage |    24 |    11 |       ||    35
       Spider Form       |       |    24 |    32 ||    56
       Wereblood         |       |       |     2 ||     2
  Use: Potion            |       |       |     1 ||     1
 Stab: Sleeping          |     2 |     5 |     5 ||    12
       Distracted        |       |       |     1 ||     1
Armor: Robe              |    19 |     6 |     2 ||    27
       Skin              |       |     2 |     7 ||     9
Dodge: Dodged            |    82 |    96 |   236 ||   414
